 Dungeon Crawl Stone Soup version 0.30-a0-726-gd89dcf765f (webtiles) character file.

Game seed: 13966900123584047705

1969 browni3141 the Digger (level 9, -8/65 HPs)
             Began as a Human Earth Elementalist on Jan 29, 2023.
             Was an Initiate of Kikubaaqudgha.
             Mangled by a gnoll sergeant
             ... wielding a +2 spear of venom
              (10 damage)
             ... on level 7 of the Dungeon.
             The game lasted 00:12:07 (6122 turns).

browni3141 the Digger (Human Earth Elementalist)    Turns: 6122, Time: 00:12:07

Health: -8/65      AC:  0    Str: 15    XL:     9   Next: 43%
Magic:  10/13      EV: 18    Int: 20    God:    Kikubaaqudgha [......]
Gold:   228        SH:  0    Dex: 13    Spells: 4/14 levels left

rFire   . . .      SeeInvis .    a - +2 dagger (venom)
rCold   . . .      Faith    .    (no shield)
rNeg    . . .      Spirit   .    w - +0 robe
rPois   +          Reflect  .    (no helmet)
rElec   .          Harm     .    (no cloak)
rCorr   .          Rampage  .    h - +0 pair of gloves
Will    .....                    o - +0 pair of boots
Stlth   +++                      c - amulet of regeneration
HPRegen 1.10/turn                l - ring "Lymyr" {rPois Str+6}
MPRegen 0.13/turn                p - +5 ring of evasion

@: lethally poisoned (-8 -> -11), corroded
A: no striking features
a: Renounce Religion


You were on level 7 of the Dungeon.
You worshipped Kikubaaqudgha.
Kikubaaqudgha was noncommittal.
You visited 1 branch of the dungeon, and saw 7 of its levels.

You collected 397 gold pieces.
You spent 169 gold pieces at shops.

Inventory:

Hand Weapons
 a - a +2 dagger of venom (weapon)
Armour
 h - a +0 pair of gloves (worn)
 o - a +0 pair of boots (worn)
 w - a +0 robe (worn)
Magical Staves
 m - a staff of death
 y - a staff of cold
 A - a staff of air
Jewellery
 c - an amulet of regeneration (around neck)
 g - a ring of ice
 l - the ring "Lymyr" (left hand) {rPois Str+6}
   (You found it on level 2 of the Dungeon)

   [ring of strength]

   Str:       It affects your strength (+6).
   rPois:     It protects you from poison.
 p - a +5 ring of evasion (right hand)
 x - an amulet of faith
 C - a +6 ring of intelligence
Wands
 z - a wand of flame (8)
Scrolls
 d - 2 scrolls of amnesia
 f - 3 scrolls of teleportation
 i - a scroll of enchant weapon
 j - 2 scrolls of magic mapping
 n - a scroll of silence
 r - a scroll of brand weapon
 t - 2 scrolls of blinking
 B - 2 scrolls of enchant armour {unknown}
 D - a scroll of vulnerability
 E - a scroll of fog {unknown}
 G - a scroll of fear {unknown}
 H - a scroll of identify
Potions
 b - a potion of magic
 e - a potion of might {unknown}
 k - a potion of attraction {unknown}
 q - 4 potions of curing
 s - a potion of flight {unknown}
 u - 2 potions of mutation {unknown}
 v - 2 potions of brilliance {unknown}
 F - a potion of degeneration {unknown}


   Skills:
 - Level 4.0 Fighting
 - Level 4.0 Short Blades
 - Level 4.0 Dodging
 - Level 5.0 Stealth
 - Level 3.0 Spellcasting
 - Level 3.0 Conjurations
 * Level 3.0 Transmutations
 * Level 6.5 Earth Magic
 - Level 3.0 Evocations


You had 4 spell levels left.
You knew the following spells:

 Your Spells              Type           Power      Damage    Failure   Level
a - Sandblast             Erth           58%        2d13      1%          1
b - Passwall              Tmut/Erth      18%        N/A       3%          2
c - Stone Arrow           Conj/Erth      44%        3d9       6%          3
d - Petrify               Tmut/Erth      22%        N/A       21%         4

Your spell library contained the following spells:

 Spells                   Type           Power      Damage    Failure   Level
 Ensorcelled Hibernation  Hex/Ice        6%         N/A       22%         2
 Swiftness                Air            3%         N/A       38%         3
 Chain Lightning          Conj/Air       4%         3d6       100%        9
 Fire Storm               Conj/Fire      4%         8d1       100%        9
 Shatter                  Erth           14%        3d14*     100%        9


Dungeon Overview and Level Annotations

Branches:
Dungeon (7/15)             Temple (0/1) D:6

Altars:
Ashenzari
Kikubaaqudgha
Makhleb
Qazlal
Trog
Uskayaw
Wu Jian
Yredelemnul

Shops:
D:1 ?*   D:4 ((!(


Message History

A gnoll comes into view. It is wielding a +0 club.
The blast of sand hits the acid dragon!
The acid dragon is moderately wounded.
The gnoll shouts!
The acid dragon closely misses you. The acid dragon barely misses you.
The gnoll barely misses you.
The blast of sand hits the acid dragon!
The acid dragon is severely wounded.
The acid dragon misses you. The acid dragon barely misses you.
A gnoll comes into view. It is wielding a +0 whip.
The gnoll misses you.
A gnoll comes into view. It is wielding a +0 spear. x2
The acid dragon spits acid at you. The splash of acid hits you!!
The acid corrodes you!
The gnoll shouts! x2
There is an open door here.
Press: ? - help, v - describe, . - travel
Here: a gnoll sergeant, wielding a +2 spear of venom and wearing a +0 scale mail The floor.
Unknown command.
The blast of sand hits the acid dragon.
The acid dragon is almost dead.
The acid dragon completely misses you. The acid dragon claws you.
The gnoll sergeant misses you.
You barely miss the acid dragon.
The acid dragon is almost dead.
The acid dragon bites you! The acid dragon misses you.
The gnoll sergeant hits you from afar with a +2 spear of venom!
You are poisoned.
You are too injured to fight recklessly!
You closely miss the acid dragon.
The acid dragon is almost dead.
You feel very sick. The acid dragon bites you!
* * * LOW HITPOINT WARNING * * *
The acid dragon claws you.
* * * LOW HITPOINT WARNING * * *
The gnoll sergeant hits you from afar with a +2 spear of venom!
You die...
Kikubaaqudgha rasps: "You have failed me!
Welcome... death!"

#.#.....#
################.#.#####
...................#
#######.........##.#
#..........#.#
#..........#.#
#........<.#.#
#..........#.#######
###@######.#<....... #D#
#.#.#######
#g######.#........
#gg....#.########.
######gg..(.#.#....)...
........[>...#.#.######.
.######......#.#.# #.
........#.#.# #.
####.....#.#.# #.


You could see an acid dragon, a gnoll sergeant and 4 gnolls.

Vanquished Creatures
  The ghost of GiantSquids the Shooter, an amateur BaHu (D:4)
  Menkaure (D:4)
  2 ice beasts
  2 sky beasts (D:6)
  A black bear (D:3)
  2 ogres
  A centaur (D:5)
  A phantom (D:5)
  2 necrophages (D:5)
  2 scorpions
  A howler monkey (D:5)
  3 hounds
  2 jellies
  Natasha (thrice) (D:4)
  An iguana (D:5)
  6 orc wizards
  8 adders
  9 gnolls
  A shadow imp (D:6)
  A white imp (D:7)
  An ufetubus (D:6)
  2 worms
  2 dart slugs
  13 orcs
  4 ball pythons
  4 bats
  3 endoplasms
  A giant cockroach (D:1)
  8 goblins
  7 hobgoblins
  7 jackals
  7 kobolds
  A quokka (D:1)
  3 frilled lizards
  7 rats
120 creatures vanquished.

Vanquished Creatures (others)
  5 toadstools (D:1)
5 creatures vanquished.

Grand Total: 125 creatures vanquished

Notes
Turn   | Place    | Note
-------+----------+-------------------------------------------
     0 | D:1      | browni3141 the Human Earth Elementalist began the quest for
                  | the Orb.
     0 | D:1      | Reached XP level 1. HP: 13/13 MP: 3/3
    25 | D:1      | Found Wikaotull's General Store.
   106 | D:1      | Reached skill level 1 in Fighting
   244 | D:1      | Reached XP level 2. HP: 21/21 MP: 3/5
   680 | D:1      | Found Tudiot's Magic Scroll Shoppe.
   688 | D:1      | Bought a scroll of identify for 26 gold pieces
   689 | D:1      | Bought a scroll of identify for 26 gold pieces
  1046 | D:2      | Reached XP level 3. HP: 27/27 MP: 3/6
  1105 | D:2      | Identified the ring "Lymyr" {rPois Str+6}
  1532 | D:2      | Found a basalt altar of Yredelemnul.
  2028 | D:3      | Reached skill level 4 in Earth Magic
  2028 | D:3      | Reached XP level 4. HP: 17/33 MP: 0/7
  2539 | D:4      | Noticed GiantSquids's ghost (amateur BaHu)
  2539 | D:4      | Found a runed translucent door.
  2580 | D:4      | Noticed Natasha
  2583 | D:4      | Found Utuuw's Distillery.
  2586 | D:4      | Killed Natasha
  2587 | D:4      | Reached XP level 5. HP: 34/38 MP: 4/9
  2632 | D:4      | Bought a potion of curing for 39 gold pieces
  2723 | D:4      | Noticed Natasha
  2728 | D:4      | Killed Natasha
  2734 | D:4      | Learned a level 2 spell: Passwall
  2738 | D:4      | Learned a level 3 spell: Stone Arrow
  2791 | D:4      | Found Zel Ruid's Antique Weapon Emporium.
  2831 | D:4      | Found a burning altar of Makhleb.
  2854 | D:4      | Found a bloodstained altar of Trog.
  2865 | D:4      | Noticed Menkaure
  2880 | D:4      | Noticed a black bear
  2881 | D:4      | Found an ornate altar of the Wu Jian Council.
  2979 | D:3      | Killed a black bear
  2980 | D:3      | Reached skill level 5 in Earth Magic
  2980 | D:3      | Reached XP level 6. HP: 44/44 MP: 4/10
  3108 | D:4      | Found Uwne's Antique Weapon Emporium.
  3137 | D:4      | Noticed an ogre
  3138 | D:4      | Found Ujeysad's Weapon Shop.
  3439 | D:4      | Killed an ogre
  3440 | D:4      | Reached skill level 6 in Earth Magic
  3440 | D:4      | Reached skill level 1 in Conjurations
  3440 | D:4      | Reached XP level 7. HP: 50/50 MP: 5/11
  3625 | D:4      | Found a stormy altar of Qazlal.
  3673 | D:4      | Noticed Natasha
  3679 | D:4      | Killed Natasha
  3773 | D:4      | Killed Menkaure
  3916 | D:5      | Entered Level 5 of the Dungeon
  3947 | D:5      | Reached XP level 8. HP: 22/57 MP: 0/12
  4657 | D:5      | Found an ancient bone altar of Kikubaaqudgha.
  4681 | D:5      | Became a worshipper of Kikubaaqudgha
  4728 | D:6      | Noticed a +0 falchion
  4729 | D:6      | Noticed a +0 spear
  4733 | D:6      | Noticed a +0 falchion
  4733 | D:6      | Noticed a +0 short sword
  4733 | D:6      | Noticed a +0 dagger
  4735 | D:6      | Noticed a +0 dagger
  4744 | D:6      | Found a hide-covered altar of Uskayaw.
  4747 | D:6      | Noticed a +0 short sword
  4747 | D:6      | Noticed a +0 spear
  4810 | D:6      | Found a broken altar of Ashenzari.
  4830 | D:6      | Reached skill level 5 in Stealth
  4830 | D:6      | Reached XP level 9. HP: 44/65 MP: 11/13
  4870 | D:6      | Reached skill level 1 in Short Blades
  5122 | D:6      | Learned a level 4 spell: Petrify
  5349 | D:6      | Found a staircase to the Ecumenical Temple.
  5725 | D:1      | Bought a scroll of identify for 26 gold pieces
  5725 | D:1      | Bought a scroll of identify for 26 gold pieces
  5725 | D:1      | Bought a scroll of identify for 26 gold pieces
  5817 | D:4      | Killed GiantSquids's ghost
  6122 | D:7      | HP: 2/65 [acid dragon (4)]
  6122 | D:7      | Mangled by a gnoll sergeant

Illustrated notes

Levels and vault maps discovered:
D:1:      ldierk_walled_garden, layout_loops_cross, serial_shops,
          nicolae_shop_waterfront, shop, minmay_tripent
D:2:      wad_crossroads, layout_basic, basic_altar
D:3:      layout_rooms
D:4:      layout_gridville, mainiacjoe_overflow_surrounded_room,
          nicolae_wu_jian_wuxing_cycle, nicolae_overflow_hidden_temple,
          mainiacjoe_overflow_alcove_1, serial_shops,
          nicolae_shop_bloodbath_and_beyond, shop, shop_coins, shop,
          hellmonk_ghost_happy_afterlife, reono_crystal_passage,
          minmay_door_square, corexii_item_surrounded_by_moat,
          grunt_ministairs_15, uniq_menkaure, uniq_natasha
D:5:      layout_rooms, kiku_gazebo_pond_becter, grunt_decor_mini_mirrors,
          hangedman_decor_growths
D:6:      layout_loops_ring, mainiacjoe_overflow_catwalk,
          nicolae_uskayaw_en_pointe, minmay_temple_entry_statues_pillars
D:7:      minmay_slanted_spiral_squares, layout_basic,
          minmay_misc_feat_more_columns

Skill      XL: |  1  2  3  4  5  6  7  8  9 |
---------------+----------------------------+-----
Fighting       | 1 2 4 |  4.0
Transmutations | 2 3 |  3.0
Earth Magic    | 4 5 6 |  6.5
Spellcasting   | 3 |  3.0
Conjurations   | 1 3 |  3.0
Evocations     | 3 |  3.0
Dodging        | 4 |  4.0
Stealth        | 5 |  5.0
Short Blades   | 4 |  4.0

Action                     |  1- 3 |  4- 6 |  7- 9 || total
---------------------------+-------+-------+-------++-------
  Melee: Staff             |     9 |     6 |       ||    15
         Unarmed           |     2 |       |       ||     2
         Dagger            |       |    12 |   158 ||   170
   Cast: Sandblast         |    62 |    52 |    82 ||   196
         Passwall          |       |     3 |     1 ||     4
  Evoke: Wand              |       |       |     8 ||     8
    Use: Scroll            |     2 |     2 |     5 ||     9
   Stab: Sleeping          |       |       |     2 ||     2
 Armour: Robe              |    13 |    23 |    38 ||    74
  Dodge: Dodged            |    19 |   104 |   215 ||   338

Table legend: (Time is in decaauts)
 A = Elapsed time spent in this place.
 B = Non-inter-level travel time spent in this place.
 C = Inter-level travel time spent in this place.
 D = Time resting spent in this place.
 E = Time spent auto-exploring this place.
 F = Levels seen in this place.
 G = Mean time per level.
                   A        B        C        D        E       F      G
               +--------+--------+--------+--------+--------+-----+--------+
         Total |   6221 |   5757 |    464 |    230 |   4202 |   7 |  888.7 |
       Dungeon |   6221 |   5757 |    464 |    230 |   4202 |   7 |  888.7 |
               +--------+--------+--------+--------+--------+-----+--------+

Top non-repeatable levels by time:
     D:4: 1561 daAuts
     D:2: 1340 daAuts
     D:6: 875 daAuts
     D:1: 819 daAuts
     D:3: 737 daAuts
     D:5: 693 daAuts
     D:7: 193 daAuts
